 Dungeon Crawl Stone Soup version 0.25.1-8-g42b30a86e7 (webtiles) character file.

Game seed: 2801903412365336011

122941 Abzac the Severer (level 16, 0/160 HPs)
             Began as a Hill Orc Fighter on Dec 21, 2020.
             Was a Follower of the Shining One.
             Slain by a salamander
             ... wielding a +0 halberd
             ... created by the fury of Okawaru
              (4 damage)
             ... on level 1 of the Swamp.
             The game lasted 02:09:37 (32075 turns).

Abzac the Severer (Hill Orc Fighter)               Turns: 32075, Time: 02:09:38

Health: 0/160      AC: 23    Str: 25    XL:     16   Next: 89%
Magic:  21/21      EV:  7    Int: 11    God:    the Shining One [*.....]
Gold:   2311       SH: 21    Dex: 13    Spells: 15/15 levels left

rFire    + + .     SeeInvis .   V - +9 broad axe "Demonbane" {vorpal, rF+ MR+ Int+3 Dex+2}
rCold    . . .     Gourm    .   M - +3 tower shield {AC+3}
rNeg     . . .     Faith    .   U - +2 scale mail {rF+}
rPois    +         Spirit   .   (no helmet)
rElec    .         Reflect  .   w - +2 cloak {rPois}
rCorr    .         Harm     .   u - +0 pair of gloves
MR       +++..                  E - +1 pair of boots
Stlth    ..........             y - amulet of regeneration
HPRegen  0.76/turn              T - ring of protection from magic
MPRegen  0.17/turn              H - ring of poison resistance

@: very slightly contaminated, glowing, studying Fighting
A: low mp 1
a: Renounce Religion


You were on level 1 of the Swamp.
You worshipped the Shining One.
The Shining One was aware of your devotion.
You were not hungry.

You visited 7 branches of the dungeon, and saw 26 of its levels.
You also visited: Bailey.

You collected 2603 gold pieces.
You spent 292 gold pieces at shops.

Inventory:

Hand Weapons
 b - a +1 mace
 h - the +9 hand axe "Nuretiyn" {drain, rN+}
   (You found it on level 6 of the Dungeon)

   A truly terrible weapon, it drains the life of those it strikes.
   It protects you from negative energy.
   The Shining One disapproves of the use of such an item.
 t - the +1 war axe of Yesterday {pain, Dex+4 SInv Stlth+}
   (You found it on level 5 of the Dungeon)

   In the hands of one skilled in necromantic magic, it inflicts extra damage on
   living creatures.
   It affects your dexterity (+4).
   It lets you see invisible.
   It makes you more stealthy.
   The Shining One disapproves of the use of such an item.
 I - a +2 antimagic broad axe
 V - the +9 broad axe "Demonbane" (weapon) {vorpal, rF+ MR+ Int+3 Dex+2}
   (Okawaru gifted it to you on level 2 of the Elven Halls)

   It inflicts extra damage upon your enemies.
   It affects your intelligence (+3).
   It affects your dexterity (+2).
   It protects you from fire.
   It affects your resistance to hostile enchantments.
 Z - a +1 executioner's axe of holy wrath
Armour
 c - a +0 kite shield
 u - a +0 pair of gloves (worn)
 w - a +2 cloak of poison resistance (worn)
 D - a scarf of repulsion
 E - a +1 pair of boots (worn)
 K - the +1 chain mail "Sonlinaq" {Str+4}
   (Okawaru gifted it to you on level 11 of the Dungeon)

   It affects your strength (+4).
 L - a +0 kite shield of reflection
 M - a +3 tower shield of protection (worn)
 S - +0 fire dragon scales
 U - a +2 scale mail of fire resistance (worn)
Jewellery
 a - an uncursed amulet of the acrobat {unknown}
 p - an uncursed amulet of magic regeneration
 y - an amulet of regeneration (around neck)
 G - an uncursed ring of protection from cold
 H - a ring of poison resistance (right hand)
 T - a ring of protection from magic (left hand)
 W - an uncursed ring of positive energy
Wands
 j - a wand of disintegration (11)
 o - a wand of digging (7)
 q - a wand of enslavement (8)
 x - a wand of flame (22)
Scrolls
 g - 2 scrolls of magic mapping
 k - 2 scrolls of teleportation
 m - 6 scrolls of amnesia
 n - 11 scrolls of remove curse
 C - 2 scrolls of enchant weapon
 X - 2 scrolls of vulnerability
 Y - a scroll of holy word {unknown}
Potions
 d - 3 potions of might
 e - a potion of flight
 i - a potion of brilliance {unknown}
 l - 2 potions of invisibility {unknown}
 r - 5 potions of ambrosia
 v - 7 potions of curing
 A - 9 potions of mutation {unknown}
 B - a potion of heal wounds
 J - 2 potions of haste {unknown}
 N - 3 potions of stabbing {unknown}
 O - a potion of experience {unknown}
 Q - a potion of cancellation {unknown}
 R - 3 potions of magic
Books
 s - a manual of Fighting
Comestibles
 f - 21 rations


   Skills:
 + Level 19.2 Fighting
 - Level 19.6 Axes
 - Level 15.3 Armour
 * Level 10.6 Shields
 - Level 11.1 Invocations


You had 15 spell levels left.
You didn't know any spells.
Your spell library contained the following spells:

 Spells                   Type           Power        Failure   Level  Hunger
 Animate Skeleton         Necr           N/A          99%         1    ##.....
 Apportation              Tloc           #.....       99%         1    ##.....
 Corona                   Hex            #......      99%         1    ##.....
 Magic Dart               Conj           #...         99%         1    ##.....
 Sandblast                Erth           #.....       99%         1    ##.....
 Summon Butterflies       Summ           #.......     99%         1    ##.....
 Summon Small Mammal      Summ           #...         99%         1    ##.....
 Blink                    Tloc           N/A          99%         2    ###....
 Call Imp                 Summ           #.......     99%         2    ###....
 Passwall                 Tmut/Erth      #.......     99%         2    ###....
 Slow                     Hex            #.......     99%         2    ###....
 Call Canine Familiar     Summ           #.......     100%        3    ####...
 Conjure Flame            Conj/Fire      #.......     100%        3    ####...
 Gell's Gravitas          Tloc           #.........   100%        3    ####...
 Mephitic Cloud           Conj/Pois/Air  #.......     100%        3    ####...
 Stone Arrow              Conj/Erth      #.....       100%        3    ####...
 Summon Guardian Golem    Hex/Summ       #.......     100%        3    ####...
 Petrify                  Tmut/Erth      #.......     100%        4    #####..
 Summon Ice Beast         Ice/Summ       #.......     100%        4    #####..
 Summon Lightning Spire   Summ/Air       #.......     100%        4    #####..
 Lee's Rapid Deconstruct  Erth           #.........   100%        5    ######.
 Summon Mana Viper        Hex/Summ       #.......     100%        5    ######.
 Summon Hydra             Summ           #.........   100%        7    #######
 Controlled Blink         Tloc           N/A          100%        8    #######
 Disjunction              Tloc           #.........   100%        8    #######


Dungeon Overview and Level Annotations

Branches:
Dungeon (12/15)            Temple (0/1) D:4            Lair (6/6) D:11
  Swamp (1/4) Lair:2       Spider (1/4) Lair:2        Slime (1/5) Lair:6
    Orc (2/2) D:10            Elf (3/3) Orc:2        Bailey (visited)

Altars:
Ashenzari
Gozag
Makhleb
Okawaru
Ru
Trog
Vehumet
Wu Jian
Xom
Yredelemnul
Zin
The Shining One
Jiyva

Shops:
D:8 =   Orc:1 (*=   Orc:2 :*[%   Elf:1 [   Elf:3 }

Portals:
Pandemonium: Orc:2
Trove: Elf:1 (give +3 storm dragon scales)

Annotations:
Spider:1 Azrael


Innate Abilities, Weirdness & Mutations

Your magical capacity is low. (-10% MP)


Message History

You block the deep elf blademaster's attack. x2
The stone giant throws a large rock.
The large rock hits you!!
* * * LOW HITPOINT WARNING * * *
The large rock disappears in a puff of smoke!
The salamander hits you from afar with a +0 halberd.
* * * LOW HITPOINT WARNING * * *
You are engulfed in flames.
You resist.
* * * LOW HITPOINT WARNING * * *
The deep elf blademaster hits you with a +0 rapier.
* * * LOW HITPOINT WARNING * * *
The deep elf blademaster completely misses you.
Things that are here:
a spiny frog skeleton x2
You block the deep elf blademaster's attack. x2
There is a staircase back to the Lair, spattered with blood here.
You block the deep elf blademaster's attack. x2
The salamander hits you from afar with a +0 halberd!
* * * LOW HITPOINT WARNING * * *
You are engulfed in flames.
You resist.
You die...

#.........≈≈≈≈≈≈≈≈≈.C§≈.≈≈♣≈≈....
...≈≈..≈..≈§≈≈≈≈≈≈.≈≈♣≈≈≈.≈≈≈.≈≈≈
##.≈..♣≈....§.≈≈≈..♣.≈≈C.C.C≈≈≈≈.
.♣♣♣.♣♣..♣.♣♣♣♣.≈C≈♣.≈≈.≈≈≈≈..♣≈≈
♣♣♣♣.♣♣..♣♣♣ ♣†..♣♣..≈.≈≈≈≈≈♣≈≈.
.♣♣.≈.♣..♣ ♣)C♣♣♣♣.≈...≈≈≈≈≈♣.
.♣...≈§..♣ ♣.N♣ ♣≈≈..≈≈..≈≈§.
.......≈≈♣ ♣.e♣ ♣.♣♣♣.≈.♣♣♣..
.≈.≈♣♣...♣ ♣♣@♣ ♣.♣ ♣♣§≈♣ ♣♣.
.≈.≈♣..≈.♣ ♣.♣ ♣.♣ ♣♣.♣ ♣.
♣..♣♣....♣ ♣♣♣ ♣≈* ♣.♣ ♣.
♣♣♣♣≈≈♣♣.♣ *,* ♣♣♣ ♣♣ *≈***♣♣ *,*
* *** ***


You could see a titan, a deep elf blademaster, a stone giant and a salamander.

Vanquished Creatures
  A deep elf blademaster (Lair:2)
  A titan (Lair:2)
  Donald (Elf:3)
  A fire giant (Lair:3)
  A deep elf sorcerer (Elf:1)
  2 orc warlords
  A stone giant (Lair:2)
  A deep elf annihilator (Elf:2)
  Snorg (D:12)
  2 merfolk impalers
  A merfolk javelineer (Lair:2)
  A deep elf high priest (Elf:1)
  2 naga warriors
  10 hydras
  4 two-headed ogres
  A centaur warrior (Lair:2)
  A queen ant (Lair:3)
  22 dancing weapons
  2 tengu warriors
  3 alligators (Swamp:1)
  8 orc high priests (Orc:2)
  Nergalle (D:10)
  14 deep elf knights
  A small abomination (Elf:1)
  2 infernal demonspawn (Orc:2)
  8 deep elf archers
  2 torturous demonspawn (Orc:2)
  6 orc knights
  3 ugly things (D:11)
  53 deep elf magi
  5 orc sorcerers
  2 cyclopes (D:11)
  6 black mambas
  A smoke demon (Orc:2)
  A torpor snail (Lair:6)
  2 gargoyles (D:10)
  10 spiny frogs
  3 komodo dragons
  Maggie (D:10)
  A rime drake (Lair:5)
  A red devil (Orc:2)
  7 hornets
  8 merfolk (Lair:2)
  9 polar bears (Lair:6)
  A troll (Orc:2)
  2 hellwings
  2 tyrant leeches (Swamp:1)
  A slime creature (Lair:6)
  9 blink frogs
  2 bog bodies (Swamp:1)
  3 raiju (Lair:6)
  8 hippogriffs
  A meliai zombie (D:10)
  A wyvern (D:10)
  4 spriggans (Swamp:1)
  2 water elementals
  An air elemental (Elf:2)
  A shadow (Swamp:1)
  47 yaks
  4 fire elementals
  3 basilisks
  A chaos spawn (Orc:2)
  A neqoxec (Orc:2)
  12 vampire mosquitoes
  A hungry ghost (D:11)
  3 nagas (Lair:2)
  5 wargs
  2 swamp worms (Swamp:1)
  6 soldier ants
  15 hell hounds
  14 water moccasins
  6 porcupines
  2 ice beasts
  41 orc warriors
  A swamp drake (Swamp:1)
  A sky beast (D:9)
  12 black bears
  An eye of draining (D:10)
  A necrophage (D:8)
  7 ogres
  13 wolves (Lair:6)
  3 centaurs
  12 crocodiles
  A big kobold (D:10)
  9 bullfrogs
  A gnoll sergeant (Orc:2)
  2 earth elementals (Elf:2)
  5 scorpions
  A wyvern skeleton (D:9)
  5 killer bees (D:11)
  5 howler monkeys
  An electric eel (D:11)
  6 crimson imps
  A bullfrog zombie (D:7)
  A gnoll shaman (D:4)
  7 hounds
  5 jellies
  26 orc wizards
  3 centaur skeletons
  37 orc priests
  3 bullfrog skeletons
  3 iguanas
  17 worker ants
  4 worker ant zombies
  28 gnolls
  10 adders
  4 shadow imps
  A worm (D:4)
  3 dart slugs
  7 leopard geckos
  160 orcs
  5 bats
  6 giant cockroaches
  10 goblins
  25 hobgoblins
  12 jackals
  9 quokkas
  2 ball pythons
  2 frilled lizards
  23 kobolds
  13 rats
  3 fungi
  2 plants (Lair:6)
934 creatures vanquished.

Vanquished Creatures (others)
  A deep elf knight (Elf:2)
  A merfolk (Lair:2)
  5 fungi
  12 plants
19 creatures vanquished.

Grand Total: 953 creatures vanquished

Notes
Turn   | Place    | Note
-------+----------+-------------------------------------------
     0 | D:1      | Abzac the Hill Orc Fighter began the quest for the Orb.
     0 | D:1      | Reached XP level 1. HP: 19/19 MP: 1/1
   118 | D:1      | Reached XP level 2. HP: 23/26 MP: 2/2
   451 | D:1      | Found an iron altar of Okawaru.
   494 | D:1      | Reached XP level 3. HP: 31/31 MP: 3/3
   523 | D:1      | Became a worshipper of Warmaster Okawaru
  1021 | D:2      | Reached skill level 5 in Axes
  1281 | D:2      | Reached XP level 4. HP: 33/39 MP: 4/4
  1686 | D:2      | Found a burning altar of Makhleb.
  1743 | D:2      | Found an iron altar of Okawaru.
  1745 | D:2      | Found a shimmering altar of Xom.
  1745 | D:2      | Found an opulent altar of Gozag.
  1745 | D:2      | Found a glowing silver altar of Zin.
  1803 | D:2      | You fall into a shaft and drop 2 floors!
  1806 | D:4      | Reached XP level 5. HP: 45/45 MP: 5/5
  2305 | D:4      | Reached * piety under Okawaru
  2305 | D:4      | Reached XP level 6. HP: 23/51 MP: 6/6
  2318 | D:4      | HP: 2/51 [gnoll (3)]
  2333 | D:5      | Entered Level 5 of the Dungeon
  3044 | D:3      | Reached XP level 7. HP: 25/57 MP: 7/7
  3414 | D:3      | Found a bloodstained altar of Trog.
  3485 | D:3      | Found a radiant altar of Vehumet.
  3964 | D:4      | Found a staircase to the Ecumenical Temple.
  4544 | D:5      | Reached skill level 10 in Axes
  4546 | D:5      | Got a bone war axe
  4548 | D:5      | Identified the +1 war axe of Yesterday {pain, Dex+4 SInv
                  | Stlth+} (You found it on level 5 of the Dungeon)
  5007 | D:5      | Found an ornate altar of the Wu Jian Council.
  5366 | D:5      | Found a shimmering altar of Xom.
  5948 | D:7      | Reached ** piety under Okawaru
  5965 | D:6      | Reached XP level 8. HP: 63/66 MP: 8/8
  6008 | D:6      | Found a basalt altar of Yredelemnul.
  6054 | D:6      | Got a bloodstained hand axe
  6165 | D:6      | Got a jewelled chain mail
  6168 | D:6      | Identified the cursed +1 chain mail of Ashenzari's Reproof
                  | {*Slow rC++ rCorr SInv} (You found it on level 6 of the
                  | Dungeon)
  6169 | D:6      | Identified the +9 hand axe "Nuretiyn" {drain, rN+} (You
                  | found it on level 6 of the Dungeon)
  6244 | D:6      | Reached skill level 5 in Armour
  6350 | D:6      | Reached skill level 5 in Shields
  6575 | D:7      | Found a sacrificial altar of Ru.
  6645 | D:7      | Noticed a hornet
  6652 | D:7      | Killed a hornet
  6652 | D:7      | Reached *** piety under Okawaru
  6652 | D:7      | Reached skill level 5 in Fighting
  7227 | D:7      | Noticed a hippogriff
  7234 | D:7      | Killed a hippogriff
  7234 | D:7      | Reached XP level 9. HP: 67/75 MP: 9/9
  7934 | D:8      | Found Gigifide's Jewellery Shop.
  8084 | D:8      | Found a shattered altar of Ashenzari.
  8131 | D:8      | Reached **** piety under Okawaru
  8193 | D:8      | Found a glowing golden altar of the Shining One.
  8685 | D:9      | Reached XP level 10. HP: 52/88 MP: 10/10
  8689 | D:9      | Reached ***** piety under Okawaru
  9075 | D:9      | Found an ornate altar of the Wu Jian Council.
  9166 | D:9      | Noticed a two-headed ogre
  9177 | D:9      | Killed a two-headed ogre
  9177 | D:9      | Reached skill level 15 in Axes
  9630 | D:9      | Reached skill level 1 in Invocations
  9865 | D:10     | Entered Level 10 of the Dungeon
 10023 | D:10     | Noticed a gargoyle
 10024 | D:10     | Noticed a two-headed ogre
 10049 | D:10     | Killed a two-headed ogre
 10058 | D:10     | Killed a gargoyle
 10058 | D:10     | Received a gift from Okawaru
 10058 | D:10     | Reached XP level 11. HP: 75/97 MP: 11/16
 10165 | D:10     | Noticed Nergalle
 10191 | D:10     | Killed Nergalle
 10605 | D:10     | Noticed Maggie
 10620 | D:10     | Killed Maggie
 10627 | D:10     | Received a gift from Okawaru
 10878 | D:10     | Found a staircase to the Orcish Mines.
 11321 | D:11     | Noticed a red ugly thing
 11331 | D:11     | Killed a red ugly thing
 11365 | D:11     | Noticed a cyclops
 11366 | D:11     | Noticed a cyclops
 11381 | D:11     | Killed a cyclops
 11385 | D:11     | Killed a cyclops
 11385 | D:11     | Reached ****** piety under Okawaru
 11436 | D:11     | Found a flagged portal.
 11502 | Bailey   | Entered a bailey
 11758 | Bailey   | Noticed an orc knight
 11782 | Bailey   | Killed an orc knight
 12123 | D:11     | Found a staircase to the Lair.
 12126 | D:11     | Noticed a green ugly thing
 12136 | D:11     | Killed a green ugly thing
 12138 | D:11     | Noticed a brown ugly thing
 12156 | D:11     | Killed a brown ugly thing
 12156 | D:11     | Reached XP level 12. HP: 83/104 MP: 18/18
 12173 | D:11     | Noticed a two-headed ogre
 12182 | D:11     | Killed a two-headed ogre
 12182 | D:11     | Reached skill level 10 in Armour
 12236 | Lair:1   | Entered Level 1 of the Lair of Beasts
 12317 | Lair:1   | Found a glowing silver altar of Zin.
 12608 | Lair:1   | Reached skill level 10 in Fighting
 13489 | Lair:2   | Noticed an eight-headed hydra
 13621 | D:11     | Received a gift from Okawaru
 13641 | D:11     | Got a bloodstained chain mail {god gift}
 13654 | D:11     | Identified the +1 chain mail "Sonlinaq" {Str+4} (Okawaru
                  | gifted it to you on level 11 of the Dungeon)
 14767 | Lair:2   | Found a hole to the Spider Nest.
 14799 | Spider:1 | Entered Level 1 of the Spider Nest
 14799 | Spider:1 | Noticed Azrael
 15179 | Lair:2   | Found a staircase to the Swamp.
 15836 | Lair:3   | Noticed a five-headed hydra
 15912 | Lair:3   | Killed a five-headed hydra
 16080 | Lair:3   | Noticed a queen ant
 16089 | Lair:3   | Killed a queen ant
 16216 | Lair:3   | Reached XP level 13. HP: 112/116 MP: 19/19
 18102 | Lair:5   | Received a gift from Okawaru
 18266 | Lair:5   | Received a gift from Okawaru
 19172 | Lair:6   | Entered Level 6 of the Lair of Beasts
 19484 | Lair:6   | Found a staircase to the Slime Pits.
 19484 | Lair:6   | Found a viscous altar of Jiyva.
 19496 | Slime:1  | Entered Level 1 of the Pits of Slime
 19726 | Lair:6   | Reached skill level 10 in Shields
 20085 | Lair:6   | Reached XP level 14. HP: 117/127 MP: 13/20
 20679 | Swamp:1  | Entered Level 1 of the Swamp
 21151 | Orc:1    | Entered Level 1 of the Orcish Mines
 21165 | Orc:1    | Found Vum Jeit's General Store.
 21323 | Orc:1    | Found Tufasioph's Antique Weapon Boutique.
 21571 | Orc:1    | Noticed an orc warlord
 21607 | Orc:1    | Killed an orc warlord
 21724 | Orc:1    | Found Nialuege's Jewellery Shop.
 22138 | Orc:2    | Entered Level 2 of the Orcish Mines
 22293 | Orc:2    | Found Melouziy's Food Emporium.
 22304 | Orc:2    | Found Gel Nomn's General Store.
 22310 | Orc:2    | Received a gift from Okawaru
 22578 | Orc:2    | Gained mutation: Your magical capacity is low. (-10% MP) [a
                  | neqoxec]
 23086 | Orc:2    | Paralysed by an orc sorcerer for 2 turns
 23134 | Orc:2    | Reached skill level 15 in Fighting
 23359 | Orc:2    | Reached XP level 15. HP: 74/141 MP: 11/19
 23630 | Orc:2    | Found Otasott's Antique Armour Boutique.
 23630 | Orc:2    | Found Temuum's Book Shop.
 23630 | Orc:2    | Found a one-way gate leading to the halls of Pandemonium.
 23693 | Orc:2    | Found a staircase to the Elven Halls.
 24003 | Elf:1    | Entered Level 1 of the Elven Halls
 24124 | Elf:1    | Received a gift from Okawaru
 24232 | Elf:1    | Found Irchay Upiett's Antique Armour Shoppe.
 24269 | Elf:1    | Bought a runed cloak for 292 gold pieces
 24357 | Elf:1    | Noticed a deep elf sorcerer
 24377 | Elf:1    | Killed a deep elf sorcerer
 25380 | Elf:1    | Found a portal to a secret trove of treasure.
 25765 | Elf:2    | Reached skill level 10 in Invocations
 26114 | Elf:2    | Received a gift from Okawaru
 26416 | Elf:2    | Reached XP level 16. HP: 136/155 MP: 21/21
 26712 | Elf:2    | Found a runed translucent gate.
 26712 | Elf:2    | Found a runed translucent gate.
 26712 | Elf:2    | Found a runed translucent gate.
 27271 | Elf:2    | Reached skill level 15 in Armour
 27287 | Elf:2    | Received a gift from Okawaru
 27688 | Elf:3    | Entered Level 3 of the Elven Halls
 27688 | Elf:3    | Found Enucwutt's Gadget Shop.
 27688 | Elf:3    | Noticed Donald
 27718 | Elf:3    | Killed Donald
 27728 | Elf:3    | Identified the Volume of the Compass
 28281 | Elf:2    | Got a pitted broad axe {god gift}
 29693 | D:8      | Fell from the grace of Okawaru
 29693 | D:8      | Became a worshipper of the Shining One
 29847 | D:11     | Identified the +9 broad axe "Demonbane" {vorpal, rF+ MR+
                  | Int+3 Dex+2} (Okawaru gifted it to you on level 2 of the
                  | Elven Halls)
 29876 | D:11     | Identified a scroll of acquirement
 29876 | D:11     | Acquired a manual of Fighting
 30099 | D:12     | Noticed Snorg
 30113 | D:12     | Killed Snorg
 30122 | D:12     | Noticed a titan
 30122 | D:12     | Noticed a deep elf blademaster
 30528 | Lair:2   | Noticed a deep elf blademaster
 30538 | Lair:2   | Killed a deep elf blademaster
 31056 | Swamp:1  | Reached * piety under the Shining One
 31192 | Lair:2   | Noticed a titan
 31198 | Lair:2   | HP: 4/160 [merfolk/cursed -1 trident[the fury of Okawaru]
                  | (11)]
 31589 | Lair:2   | Killed a titan
 32052 | Swamp:1  | Noticed a titan
 32052 | Swamp:1  | Noticed a deep elf blademaster
 32075 | Swamp:1  | HP: 4/160 [salamander/+0 halberd[the fury of Okawaru] (11)]
 32075 | Swamp:1  | Slain by a salamander

Illustrated notes

Levels and vault maps discovered:
D:1:      dpeg_arrival_shrine, layout_basic, okawaru_ov_weapons_minmay
D:2:      minmay_skewed_foursquare, layout_loops_ring,
          grunt_temple_overflow_open, makhleb_blood_cavern_becter
D:3:      layout_basic, bloody_trog, vehumet_crystals, serial_bayou_pond_d
D:4:      layout_basic, minmay_temple_entry_fiery
D:5:      minmay_angry_zag, layout_basic, old_standard_altar, first_ration,
          minmay_hedge_maze, xom_teletrap_fun
D:6:      layout_rooms, kennysheep_mini
D:7:      layout_basic, interstate_on_off, minmay_stone_trees_small,
          nicolae_ru_great_annihilating_truth
D:8:      layout_rooms, lemuel_doored_altar, old_standard_altar, serial_shops,
          shop
D:9:      layout_long_grid, basic_altar
D:10:     layout_roguey, hiddenorc2_lemuel, uniq_nergalle, uniq_maggie
D:11:     layout_basic, lair_entry_dummy, enter_bailey_3
D:12:     layout_basic, uniq_snorg
Lair:1:   layout_cave_pods, basic_altar, minivault_19, st_stairs_10,
          grunt_megastairs_4
Lair:2:   layout_loops_ring, minmay_swamp_entry_swarm, dummy_spider_entry
Lair:3:   layout_big_grid, wad_woods_antlair
Lair:4:   layout_cave_pods
Lair:5:   layout_misc_corridors
Lair:6:   hangedman_lair_caniforms_friends, layout_big_grid, slime_altar_1
Swamp:1:  layout_falls_marsh, evilmike_swamp_ruin_house_2,
          infiniplex_staircase_pool_2
Spider:1: layout_spider_delve, uniq_azrael
Slime:1:  layout_caves, nicolae_slime_phagocytosis
Orc:1:    cheibrodos_orc_bank, layout_caves, serial_shops, shop, shop_coins,
          shop, lightli_orcish_oven
Orc:2:    pf_orc_diabolical, layout_diamond_mine
Elf:1:    eino_elf_arrival_sip, layout_geoelf_diagonals, enter_trove_3,
          serial_shops, shop, kennysheep_underground_church
Elf:2:    layout_rooms, lemuel_elevator
Elf:3:    grunt_elf_hall_spiral, layout_geoelf_diagonals, serial_shops,
          bzr_entry_water, nicolae_shop_temple_entry_statues_fountains, shop,
          uniq_donald

Skill      XL: |  1  2  3  4  5  6  7  8  9 10 11 12 13 14 15 16 |
---------------+-------------------------------------------------+-----
Axes           | 3 4 5 6 8 9 10 12 14 15 16 17 18 19 | 19.6
Fighting       | 4 6 8 9 11 12 15 17 19 | 19.2
Armour         | 4 5 9 12 13 14 15 | 15.3
Shields        | 4 5 6 7 10 | 10.6
Invocations    | 7 8 9 10 11 | 11.1

Action                   |  1- 3 |  4- 6 |  7- 9 | 10-12 | 13-15 | 16-18 || total
-------------------------+-------+-------+-------+-------+-------+-------++-------
Melee: War axe           |    41 |   155 |   160 |       |       |       ||   356
       Hand axe          |    60 |    35 |   177 |   658 |  1252 |   335 ||  2517
       Mace              |       |       |       |    20 |    97 |    20 ||   137
       Broad axe         |       |       |       |       |       |   254 ||   254
Invok: Heroism           |       |     1 |     2 |     8 |    19 |     5 ||    35
       Finesse           |       |       |       |     3 |    13 |     3 ||    19
  Use: Scroll            |     3 |     1 |    10 |     3 |    16 |     9 ||    42
       Potion            |       |       |     1 |       |     2 |     3 ||     6
 Stab: Paralysed         |       |       |     1 |       |       |       ||     1
  Eat: Chunk             |     1 |     6 |    11 |    11 |    15 |     4 ||    48
       Ration            |       |       |     2 |     5 |     5 |     5 ||    17
Armor: Scale mail        |    41 |    57 |    72 |   118 |       |    68 ||   356
       Chain mail        |       |       |       |    79 |   413 |   164 ||   656
Dodge: Dodged            |    37 |    63 |    61 |   148 |   251 |   108 ||   668
Block: Kite shield       |    60 |   110 |   119 |   246 |   588 |   119 ||  1242
       Tower shield      |       |       |       |       |       |   388 ||   388
